AoeStats
← NDF

Arabia

503260286Analyzed
2v2 RM · 1mo ago on Aug 30, 2026· 92m 52s· 4 players
Game mode
Random Map
Map size
Medium (4 player)
Population
200
Speed
Normal
Resources
Standard
Victory
Conquest
Starting age
Dark Age
Ending age
Imperial Age
RankedLock teamsTeams togetherTeam positionsShared explorationLock speedFull tech treeHidden civsTurbo modeCheats
Victory
Defeat
🇲🇽 Italians · Mexico
682
+24
🇫🇷 Mongols · France
617
+21
🇦🇷 Teutons · Argentina
739
-20
🇦🇷 Spanish · Argentina
738
-20
UzX NeO
0:28 Loom
11:38 Feudal Age
12:04 Double-Bit Axe
12:57 Wheelbarrow
12:11 Town Watch
19:23 Horse Collar
24:03 Castle Age
22:05 Gold Mining
22:27 Stone Mining
25:18 Hand Cart
25:05 Heavy Plow
25:20 Bow Saw
25:48 Gold Shaft Mining
25:52 Stone Shaft Mining
26:16 Crossbowman
27:14 Padded Archer Armor
28:08 Fletching
29:44 Bodkin Arrow
30:42 Leather Archer Armor
30:52 Nomads
31:11 Thumb Ring
32:28 Elite Skirmisher
36:51 Imperial Age
35:02 Ballistics
34:39 Murder Holes
34:56 Masonry
36:00 Forging
35:56 Scale Barding Armor
36:24 Husbandry
36:36 Bloodlines
37:17 Iron Casting
37:47 Chain Barding Armor
38:13 Parthian Tactics
38:42 Bracer
40:51 Blast Furnace
39:34 Elite Steppe Lancer
41:50 Coinage
42:22 Caravan
46:03 Banking
46:22 Conscription
46:23 Drill
47:55 Chemistry
62:28 Arbalester
65:46 Capped Ram
66:39 Siege Ram
AdolfH
9:34 Feudal Age
10:11 Horse Collar
10:19 Double-Bit Axe
13:55 Gold Mining
20:59 Castle Age
20:03 Stone Mining
23:13 Stone Shaft Mining
24:18 Wheelbarrow
25:16 Hand Cart
25:20 Heavy Plow
30:26 Imperial Age
29:09 Town Watch
29:13 Loom
29:57 Town Watch
30:42 Town Patrol
30:43 Murder Holes
31:09 Ballistics
31:00 Masonry
30:32 Treadmill Crane
31:34 Fervor
31:21 Elite Genoese Crossbowman
32:38 Hoardings
32:39 Bow Saw
32:59 Arrowslits
33:48 Architecture
33:04 Arrowslits
33:21 Fletching
34:34 Conscription
35:53 Chemistry
36:18 Bodkin Arrow
37:17 Bracer
37:21 Padded Archer Armor
38:18 Husbandry
38:29 Bloodlines
38:35 Bloodlines
37:48 Cavalier
39:45 Crop Rotation
40:17 Two-Man Saw
40:34 Fortified Wall
51:19 Leather Archer Armor
51:16 Forging
51:12 Scale Barding Armor
55:58 Iron Casting
55:44 Chain Barding Armor
56:01 Caravan
57:03 Ring Archer Armor
57:11 Plate Barding Armor
57:49 Blast Furnace
57:48 Sanctity
59:31 Light Cavalry
60:20 Squires
60:09 Arson
81:38 Guilds
85:08 Scale Mail Armor
86:33 Chain Mail Armor
estebanpa
2:48 Loom
11:36 Feudal Age
12:15 Double-Bit Axe
13:57 Horse Collar
19:47 Castle Age
18:10 Gold Mining
18:39 Scale Mail Armor
19:38 Forging
21:12 Squires
20:33 Pikeman
21:29 Bow Saw
22:05 Heavy Plow
22:42 Stone Mining
27:38 Stone Shaft Mining
31:28 Imperial Age
30:14 Murder Holes
30:40 Ballistics
32:30 Halberdier
34:41 Two-Man Saw
33:52 Scale Barding Armor
34:03 Chain Mail Armor
34:24 Iron Casting
34:45 Bloodlines
33:56 Light Cavalry
35:45 Chain Barding Armor
37:26 Hussar
38:12 Husbandry
39:51 Elite Conquistador
41:26 Plate Barding Armor
41:22 Plate Mail Armor
41:53 Blast Furnace
40:19 Cavalier
42:00 Wheelbarrow
43:28 Inquisition
43:51 Supremacy
44:12 Hoardings
45:03 Paladin
70:04 Capped Ram
72:50 Siege Ram
NDF
3:12 Loom
14:12 Feudal Age
24:52 Castle Age
22:43 Double-Bit Axe
23:10 Arson
23:16 Horse Collar
23:34 Gold Mining
23:59 Stone Mining
24:47 Forging
24:38 Padded Archer Armor
24:29 Fletching
25:53 Bow Saw
25:53 Heavy Plow
25:52 Crossbowman
27:50 Leather Archer Armor
27:30 Bodkin Arrow
28:12 Iron Casting
27:38 Scale Mail Armor
27:44 Scale Barding Armor
28:39 Stone Shaft Mining
31:55 Chain Mail Armor
32:26 Wheelbarrow
31:37 Town Watch
34:41 Chain Barding Armor
35:16 Hand Cart
35:01 Town Patrol
40:36 Imperial Age
39:36 Elite Skirmisher
40:56 Capped Ram
42:13 Ring Archer Armor
42:45 Blast Furnace
42:23 Crop Rotation
42:57 Two-Man Saw
42:09 Elite Teutonic Knight
44:24 Squires
43:44 Pikeman
45:04 Plate Mail Armor
46:01 Hoardings
45:49 Ironclad
46:10 Sappers
48:04 Halberdier
49:40 Bloodlines
58:58 Cavalier
66:58 Plate Barding Armor
71:27 Masonry
72:20 Chemistry
71:07 Arrowslits
71:13 Guard Tower
71:30 Siege Engineers
81:38 Paladin
83:13 Fortified Wall
Connection lost

Rejoining the realm…

Still unreachable

The connection could not be restored.

Session expired

The server has moved on; the page needs a fresh start.